 Dungeon Crawl Stone Soup version 0.30-a0-883-g5ad918d77d (webtiles) character file.

Game seed: 4635166151883129288

49 Pimp the Firebug (level 3, -1/26 HPs)
             Began as a Draconian Fire Elementalist on Mar 16, 2023.
             Slain by an ufetubus (3 damage)
             ... on level 4 of the Dungeon.
             The game lasted 00:03:43 (1414 turns).

Pimp the Firebug (Draconian Fire Elementalist)      Turns: 1414, Time: 00:03:43

Health: -1/26      AC:  5    Str: 10    XL:     3   Next: 51%
Magic:  6/6        EV: 12    Int: 15    God:
Gold:   133        SH:  0    Dex: 13    Spells: 3/6 levels left

rFire   . . .      SeeInvis .    d - +0 short sword
rCold   . . .      Faith    .    (no shield)
rNeg    . . .      Spirit   .    (body armour unavailable)
rPois   .          Reflect  .    (helmet restricted)
rElec   .          Rampage  .    (no cloak)
rCorr   .                        (no gloves)
Will    .....                    (no boots)
Stlth   ++                       (no amulet)
HPRegen 0.24/turn                (no ring)
MPRegen 0.10/turn                (no ring)

@: no status effects
A: AC +5, unfitting armour, cold-blooded
a: no special abilities


You were on level 4 of the Dungeon.
You visited 1 branch of the dungeon, and saw 3 of its levels.

You collected 133 gold pieces.

Inventory:

Hand Weapons
 d - a +0 short sword (weapon)
Missiles
 c - 6 boomerangs
Jewellery
 l - a ring of ice
Scrolls
 e - a scroll of fog {unknown}
 g - a scroll of magic mapping {unknown}
 i - 3 scrolls of identify {unknown}
 j - a scroll of fear {unknown}
 m - 2 scrolls of teleportation {unknown}
Potions
 b - a potion of berserk rage {unknown}
 f - a potion of lignification {unknown}
 h - a potion of flight {unknown}
 k - 2 potions of degeneration {unknown}


   Skills:
 + Level 0.2 Fighting
 + Level 0.2 Short Blades
 + Level 2.2 Dodging
 + Level 2.2 Stealth
 + Level 2.3 Spellcasting
 + Level 1.6 Conjurations
 + Level 3.3 Fire Magic


You had 3 spell levels left.
You knew the following spells:

 Your Spells              Type           Power      Damage    Failure   Level
a - Foxfire               Conj/Fire      36%        2x1d5     8%          1
b - Scorch                Fire           22%        2d6       9%          2

Your spell library contained the following spells:

 Spells                   Type           Power      Damage    Failure   Level
 Inner Flame              Hex/Fire       6%         N/A       32%         3
 Kindle Blastsparks       Fire/Tloc/Air  10%        2d10      38%         3
 Gell's Gravitas          Tloc           1%         N/A       54%         3
 Teleport Other           Tloc           1%         N/A       54%         3
 Flame Wave               Conj/Fire      9%         2d6       58%         4
 Dispersal                Tloc           0%         N/A       100%        6


Dungeon Overview and Level Annotations

Branches:
Dungeon (2/15)

Altars:


Innate Abilities, Weirdness & Mutations

Your plain brown scales are hard. (AC +5)
You cannot fit into any form of body armour.
You are cold-blooded and may be slowed by cold attacks.


Message History

The adder bites you but does no damage. The adder bites you. x2
You barely miss the adder.
The adder is heavily wounded.
The adder bites you. The adder attacks as you move away!
The adder barely misses you. The adder attacks as you move away!
The adder bites you.
An ufetubus comes into view.
The ufetubus shouts!
The adder is no longer more vulnerable to fire.
You closely miss the adder.
The adder is heavily wounded.
The adder bites you. The adder barely misses you.
The adder attacks as you move away! The adder bites you.
You are poisoned.
The adder poisons you!
You feel sick.
You closely miss the adder.
The adder is heavily wounded.
You feel sick. The adder bites you. The adder misses you.
The iguana attacks as you move away! The iguana bites you.
You feel sick.
Casting: Scorch (safe; 9% risk of failure)
Confirm with . or Enter, or press ? or * to list all spells.
Flames lash the adder.
You kill the adder!
You feel sick.
You are no longer poisoned.
You hit the ufetubus.
Your tail-slap misses the ufetubus.
The ufetubus is lightly wounded.
The ufetubus hits you.
* * * LOW HITPOINT WARNING * * *
The ufetubus hits you but does no damage.
An orc comes into view. It is wielding a +0 hand axe.
Casting: Scorch (safe; 9% risk of failure)
Confirm with . or Enter, or press ? or * to list all spells.
You don't have enough magic to cast this spell.
Unknown command.
Magic courses through your body. The ufetubus hits you.
* * * LOW HITPOINT WARNING * * *
The ufetubus barely misses you. The ufetubus hits you.
You die...

##.[# # #... ## ##
#####.###.###.###.##
...#......[..?.....##
.....##.###.# .##..
...#.#...........#.#
)..#...##.###.##...#
...#.#.#.......#.#.##
..#..#...##.##..@#..#
.#.#.#.#.#...#.#5#.##
...#...#...#...#l..#
#..#.#.#.#...#.#.#.#
.....#...##.##...#...
##.#.#.#.......#.#.#.#
#.#...##.###.##.o.#.#
# #.#...........#.# #
...##.###.###.##...


You could see an iguana, an orc and an ufetubus.

Vanquished Creatures
  An adder (D:4)
  A worm (D:2)
  3 dart slugs
  3 bats
  3 endoplasms
  2 giant cockroaches (D:1)
  2 goblins (D:1)
  2 hobgoblins
  3 jackals (D:1)
  A ball python (D:4)
  3 frilled lizards (D:1)
  3 kobolds (D:1)
  A rat (D:1)
28 creatures vanquished.

Vanquished Creatures (others)
  49 foxfires
49 creatures vanquished.

Grand Total: 77 creatures vanquished

Notes
Turn   | Place    | Note
-------+----------+-------------------------------------------
     0 | D:1      | Pimp the Draconian Fire Elementalist began the quest for
                  | the Orb.
     0 | D:1      | Reached XP level 1. HP: 14/14 MP: 3/3
   105 | D:1      | Reached XP level 2. HP: 9/20 MP: 0/5
  1127 | D:2      | Learned a level 2 spell: Scorch
  1165 | D:2      | Reached XP level 3. HP: 17/26 MP: 0/6
  1319 | D:2      | You fall into a shaft and drop 2 floors!
  1414 | D:4      | Slain by an ufetubus

Illustrated notes

Levels and vault maps discovered:
D:1:      evilmike_arrival_grusome_pit, layout_loops_cross
D:2:      layout_rooms
D:4:      layout_loops_ring, minmay_temple_entry_arrows,
          lightli_ossuary_entry_decrepit_ruins, minmay_liquid_box,
          grunt_decor_fettered, nicolae_concentric_dashed_squares_wild

Skill      XL: |  1  2 |
---------------+-------+-----
Stealth        | 2 |  2.2
Dodging        | 2 |  2.2
Fighting       | |  0.2
Short Blades   | |  0.2
Spellcasting   | |  2.3
Conjurations   | |  1.6
Fire Magic     | |  3.3

Action                     || total
---------------------------++-------
  Melee: Short sword       ||    52
         Unarmed           ||     3
         Tailslap          ||     9
   Cast: Foxfire           ||    32
         Scorch            ||     7
    Use: Potion            ||     1
 Armour: Skin              ||    35
  Dodge: Dodged            ||    51

Table legend: (Time is in decaauts)
 A = Elapsed time spent in this place.
 B = Non-inter-level travel time spent in this place.
 C = Inter-level travel time spent in this place.
 D = Time resting spent in this place.
 E = Time spent auto-exploring this place.
 F = Levels seen in this place.
 G = Mean time per level.
                   A        B        C        D        E       F      G
               +--------+--------+--------+--------+--------+-----+--------+
         Total |   1414 |   1377 |     37 |    335 |    733 |   3 |  471.3 |
       Dungeon |   1414 |   1377 |     37 |    335 |    733 |   3 |  471.3 |
               +--------+--------+--------+--------+--------+-----+--------+

Top non-repeatable levels by time:
     D:1: 1117 daAuts
     D:2: 200 daAuts
     D:4: 95 daAuts
